AoeStats
← aggromouse

Arabia

508333055Analyzed
1v1 RM · 10d ago on Sep 22, 2026· 23m 1s· 2 players
Game mode
Random Map
Map size
Tiny (2 player)
Population
200
Speed
Normal
Resources
Standard
Victory
Conquest
Starting age
Dark Age
Ending age
Imperial Age
RankedLock teamsTeams togetherTeam positionsShared explorationLock speedFull tech treeHidden civsTurbo modeCheats
Victory
Defeat
🇺🇸 Italians · United States
1158
+17
🇨🇱 Mongols · Chile
1171
-17
aggromouse
5:33 Loom
7:01 Loom
9:20 Feudal Age
9:30 Man-at-Arms
12:55 Town Watch
16:17 Arson
19:13 Castle Age
17:43 Double-Bit Axe
19:19 Scale Mail Armor
19:17 Fletching
19:27 Crossbowman
20:50 Squires
21:18 Horse Collar
The last villager
6:33 Loom
8:42 Feudal Age
9:50 Double-Bit Axe
21:48 Castle Age
21:11 Town Watch
Connection lost

Rejoining the realm…

Still unreachable

The connection could not be restored.

Session expired

The server has moved on; the page needs a fresh start.